 Dungeon Crawl Stone Soup version 0.21.1-1-g345015fe64 (webtiles) character file.

329254 mallarch the Tortoise (level 21, -4/184 HPs)
             Began as a Gargoyle Gladiator on Mar 10, 2018.
             Was the Champion of Makhleb.
             Slain by an azure jelly (5 damage)
             ... created by the Royal Jelly
             ... on level 5 of the Pits of Slime.
             The game lasted 02:26:30 (37187 turns).

mallarch the Tortoise (Gargoyle Gladiator)         Turns: 37187, Time: 02:26:30

Health: -4/184     AC: 41    Str: 26    XL:     21   Next: 71%
Magic:  0/34       EV:  4    Int: 21    God:    Makhleb [******]
Gold:   2153       SH: 32    Dex:  8    Spells: 20/20 levels left

rFire    + . .     SeeInvis .   E - +9 demon whip (elec)
rCold    + . .     Gourm    .   S - +18 shield of the Gong {rElec rN+ MR+ EV-5}
rNeg     + + .     Faith    .   L - +9 plate armour of the King of the Hill {Regen+ MP+9 Int+7}
rPois    ∞         Spirit   +   (helmet restricted)
rElec    +         Reflect  .   Q - scarf {Spirit}
rCorr    +         Harm     .   (no gloves)
MR       +++..     Clarity  +   P - +1 pair of boots {Fly}
Stlth    ..........             C - amulet of regeneration
HPRegen  1.20/turn              m - ring of resist corrosion
MPRegen  0.24/turn              o - ring "Siohiude" {+Inv +Fly MR+ Int+3}

@: berserking, resistant, corroded, flying, very slightly contaminated, very
quick
A: antennae 2, big wings, rugged brown scales 2, blurry vision 1, clarity,
clumsy 2, frail 2, low mp 2, negative energy resistance 1, electricity
resistance, weak 2, unbreathing, petrification resistance, rot immunity,
MP-powered wands, AC +16
}: 2/15 runes: barnacled, gossamer
a: Stop Flying, Minor Destruction, Lesser Servant of Makhleb, Major Destruction,
Greater Servant of Makhleb, Renounce Religion, Evoke Invisibility


You were on level 5 of the Pits of Slime.
You worshipped Makhleb.
Makhleb was exalted by your worship.
You were hungry.

You visited 8 branches of the dungeon, and saw 38 of its levels.
You also visited: Bailey and Ice Cave.

You collected 5318 gold pieces.
You spent 3165 gold pieces at shops.

Inventory:

Hand Weapons
 a - a +2 longbow of flaming
 E - a +9 demon whip of electrocution (weapon)
Missiles
 b - 9 throwing nets
 M - 858 arrows
 V - 34 javelins (quivered)
Armour
 c - a +0 helmet
 e - the +4 plate armour "Uroragig" {rF+ rC+ Str+4 Int-3}
   (You bought it in a shop on level 1 of the Orcish Mines)

   It affects your strength (+4).
   It affects your intelligence (-3).
   It protects you from fire.
   It protects you from cold.
 r - the +10 plate armour of the Hurricane {MP+9}
   (You acquired it on level 3 of the Lair of Beasts)

   It affects your magic capacity (+9).
 L - the +9 plate armour of the King of the Hill (worn) {Regen+ MP+9 Int+7}
   (You took it off a deep elf blademaster on level 3 of the Elven Halls)

   It affects your intelligence (+7).
   It affects your magic capacity (+9).
   It increases your rate of regeneration.
 P - a +1 pair of boots of flying (worn)
 Q - a scarf of spirit shield (worn)
 S - the +18 shield of the Gong (worn) {rElec rN+ MR+ EV-5}
   (You acquired it on level 3 of the Lair of Beasts)

   It affects your evasion (-5).
   It insulates you from electricity.
   It protects you from negative energy.
   It affects your resistance to hostile enchantments.
Jewellery
 h - an uncursed ring of protection from cold
 m - a ring of resist corrosion (left hand)
 o - the ring "Siohiude" (right hand) {+Inv +Fly MR+ Int+3}
   (You took it off a merfolk on level 4 of the Shoals)

   [ring of protection from magic]

   It affects your intelligence (+3).
   It affects your resistance to hostile enchantments.
   It lets you turn invisible.
   It lets you fly.
 C - an amulet of regeneration (around neck)
 R - an uncursed ring of fire
 Z - an uncursed ring of protection from magic
Wands
 x - a wand of digging (24)
 A - a wand of paralysis (8)
 B - a wand of acid (27)
Scrolls
 j - 6 scrolls of fear
 k - 15 scrolls of remove curse
 l - 2 scrolls of fog
 n - 17 scrolls of identify
 p - 4 scrolls of vulnerability
 q - 4 scrolls of immolation
 u - 4 scrolls of magic mapping
 v - 15 scrolls of teleportation
 y - a scroll of blinking
 G - 6 scrolls of enchant armour
 I - a scroll of amnesia
 O - 3 scrolls of enchant weapon
 X - 2 scrolls of silence
Potions
 d - 3 potions of resistance
 g - a potion of heal wounds
 s - a potion of lignification
 t - 10 potions of curing
 w - 3 potions of cancellation
 z - 3 potions of invisibility
 D - 4 potions of agility
 H - 3 potions of haste
 K - 8 potions of ambrosia
 N - 6 potions of brilliance
 U - 2 potions of mutation
 Y - 2 potions of berserk rage
Books
 i - the Grimoire of Battle Magic and Glamour
   (You found it on level 3 of the Elven Halls)

   Spells                             Type                      Level
   a - Static Discharge               Conjuration/Air              3
   b - Portal Projectile              Hexes/Translocation          3
   c - Spellforged Servitor           Conjuration/Summoning        7
   d - Orb of Destruction             Conjuration                  7
 J - a book of Battle

   Spells                             Type                      Level
   a - Infusion                       Charms                       1
   b - Shroud of Golubria             Charms/Translocation         2
   c - Song of Slaying                Charms                       2
   d - Spectral Weapon                Hexes/Charms                 3
   e - Regeneration                   Charms/Necromancy            3
Miscellaneous
 T - 3 phantom mirrors
Comestibles
 f - 44 rations


   Skills:
 + Level 19.8 Fighting
 + Level 18.4 Maces & Flails
 - Level 2.9 Throwing
 + Level 20.3 Armour
 - Level 2.4 Dodging
 - Level 15.0 Shields
 - Level 15.0 Invocations


You had 20 spell levels left.
You didn't know any spells.

Dungeon Overview and Level Annotations

Branches:
Dungeon (13/15)            Temple (1/1) D:5            Lair (6/6) D:9
 Shoals (4/4) Lair:4       Spider (4/4) Lair:3        Slime (5/5) Lair:5
    Orc (2/2) D:11            Elf (3/3) Orc:2
 Vaults: D:13-14

Altars:
Ashenzari
Cheibriados
Elyvilon
Fedhas
Gozag
Kikubaaqudgha
Makhleb
Nemelex Xobeh
Okawaru
Ru
Sif Muna
Trog
Uskayaw
Vehumet
Wu Jian
Xom
Yredelemnul
Zin
Beogh

Shops:
D:9 *(*[   D:10 *   D:12 ?   Orc:1 [   Orc:2 ![}}   Elf:1 **:=   Elf:2 }%*}
Shoals:1 %   Shoals:4 *

Annotations:
D:6 1 runed door
Shoals:2 2 transporters
Slime:4 exclusion: downstairs


Innate Abilities, Weirdness & Mutations

You are resistant to torment.
Your stone body is resilient. (AC +16)
You are immune to poison.
Your large and strong wings let you fly indefinitely.
You resist negative energy. (rN+)
You are resistant to electric shocks. (rElec)
You can survive without breathing.
You are immune to petrification.
You are immune to rotting.
You have a pair of antennae on your head.
You are mostly covered in rugged brown scales. (AC +2, +5% HP)
Scrolls take you a little longer to read.
You possess an exceptional clarity of mind.
You are very clumsy. (Dex -4)
You are very frail. (-20% HP)
Your magical capacity is very low. (-20% MP)
You are very weak. (Str -4)
You expend magic power (3 MP) to strengthen your wands.


Message History

The azure jelly hits you but does no damage.
You block the azure jelly's attack.
BONNNG!
The azure jelly hits you but does no damage.
You are too berserk!
You completely miss the acid blob.
The acid blob is heavily wounded.
Unknown command.
You thrash the acid blob!!
Lightning courses through the acid blob!
Your hands burn!
* * * LOW HITPOINT WARNING * * *
The acid blob is almost dead.
You block the acid blob's attack.
GONNNNG!
You block the azure jelly's attack.
GONNNNG!
The azure jelly hits you but does no damage. x2
The azure jelly hits you.
You die...

..... .....
........#### .....
...........## .....
............# .....
............# .....
...........# .....
...........# ..#..
......JJ...###
####.
......J@.....##
......J2......#.#
......J........#
...............#
.....J.........#
................#
..................
...................
.................#


You could see an acid blob, 3 azure jellies, 2 slime creatures and a friendly
blizzard demon.

Vanquished Creatures
  the Royal Jelly (Slime:5)
  Jorgrun (Shoals:3)
  2 deep elf blademasters (Elf:3)
  2 deep elf master archers (Elf:3)
  13 acid blobs
  A kraken (Shoals:2)
  Frances (Shoals:1)
  Donald (Spider:3)
  5 azure jellies
  Ilsuiw (Shoals:3)
  3 deep elf sorcerers (Elf:3)
  Louise (Shoals:1)
  An orc warlord (Bailey)
  5 ghost moths
  Aizul (Shoals:1)
  12 emperor scorpions
  4 deep elf elementalists
  4 deep elf demonologists
  2 entropy weavers
  Azrael (Orc:1)
  5 deep elf annihilators (Elf:3)
  Snorg (Orc:2)
  2 deep elf death magi (Elf:3)
  9 death oozes
  4 merfolk javelineers
  Josephine (D:10)
  7 merfolk impalers
  6 great orbs of eyes
  2 deep elf high priests (Elf:3)
  2 ice dragons (IceCv)
  3 catoblepae (Lair:6)
  6 hydras
  2 merfolk avatars
  3 satyrs
  Erica (D:9)
  An alligator snapping turtle (Shoals:4)
  5 two-headed ogres
  9 death yaks
  29 dancing weapons
  4 merfolk aquamancers
  3 ogre magi (Orc:2)
  Urug (D:10)
  13 deep elf knights
  Nergalle (Orc:2)
  12 sea snakes
  3 unseen horrors
  A kraken simulacrum (Shoals:4)
  12 deep elf archers
  10 harpies
  2 ugly things (D:9)
  4 cyclopes
  11 orb spiders
  4 orc knights
  6 orc sorcerers
  10 fauns
  24 wolf spiders
  9 shining eyes
  44 deep elf magi
  2 oklob plants (Lair:1)
  A cyclops (shapeshifter) (Elf:3)
  A moth of wrath (Spider:3)
  12 manticores
  10 elephants
  Maurice (D:7)
  11 merfolk sirens
  5 black mambas
  Joseph (D:10)
  3 eyes of devastation
  2 ice statues (IceCv)
  6 spiny frogs
  A water nymph (Shoals:4)
  A torpor snail (Lair:6)
  A kobold demonologist (D:12)
  5 demonic crawlers
  6 rime drakes
  5 trolls
  25 merfolk
  A queen bee (D:8)
  33 jumping spiders
  5 wind drakes
  15 blink frogs
  4 red devils (Elf:1)
  8 hornets
  102 slime creatures
  6 snapping turtles
  10 dream sheep
  A meliai zombie (D:12)
  15 hippogriffs
  2 air elementals
  76 redbacks
  A shadow (D:11)
  4 water elementals
  10 wyverns
  35 yaks
  A vampire (D:10)
  27 tarantellas
  6 wraiths
  4 fire elementals
  Grum (D:8)
  8 golden eyes
  4 vampire mosquitoes (D:12)
  2 hungry ghosts
  4 wargs
  2 soldier ants (D:6)
  16 water moccasins
  A floating eye (Slime:4)
  2 hell hounds (Orc:2)
  12 porcupines
  7 sky beasts
  25 ice beasts
  22 orc warriors
  4 black bears
  9 ogres
  2 necrophages
  6 eyes of draining
  A phantom (D:9)
  13 wolves
  11 centaurs
  8 crocodiles
  5 big kobolds
  The ghost of Redear the Scratcher, an amateur FeMo (D:6)
  11 bullfrogs
  An earth elemental (Elf:3)
  3 scorpions
  A wyvern skeleton (D:11)
  A water moccasin skeleton (D:10)
  71 killer bees
  9 wights
  4 electric eels
  2 howler monkeys
  11 crimson imps
  4 bullfrog zombies
  A quasit (D:6)
  A bullfrog skeleton (D:5)
  8 hounds
  6 jellies
  4 centaur zombies
  12 orc priests
  2 centaur skeletons
  31 orc wizards
  6 iguanas
  16 worker ants
  2 hound skeletons
  9 adders
  17 gnolls
  2 shadow imps
  An adder zombie (D:7)
  19 oozes
  An adder skeleton (D:8)
  6 worms
  6 leopard geckos
  88 orcs
  8 giant cockroaches
  14 hobgoblins
  16 jackals
  4 quokkas
  2 ball pythons
  6 bats
  8 frilled lizards
  22 goblins
  29 kobolds
  2 leopard gecko skeletons
  A quokka zombie (D:7)
  7 rats
  A crawling corpse (Elf:3)
  A fungus (Lair:1)
  A tentacle (Shoals:4)
1443 creatures vanquished.

Vanquished Creatures (collateral kills)
  Asterion (Spider:1)
  An azure jelly (Slime:5)
  A deep elf elementalist (Elf:3)
  A deep elf demonologist (Elf:3)
  Nessos (Orc:2)
  A deep elf annihilator (Elf:3)
  A two-headed ogre (Orc:2)
  A death yak (Lair:5)
  A small abomination (Elf:3)
  An orb spider (Spider:1)
  An orc sorcerer (Orc:2)
  A deep elf mage (Elf:3)
  A manticore (Shoals:1)
  A merfolk siren (Shoals:1)
  A water nymph (Shoals:1)
  2 merfolk (Shoals:1)
  A jumping spider (Spider:1)
  3 redbacks (Spider:1)
  An orc warrior (Bailey)
  An ogre (Orc:2)
  An orc wizard (Orc:2)
  A gnoll (Bailey)
  2 goblins (Bailey)
  2 hobgoblins (Bailey)
29 creatures vanquished.

Vanquished Creatures (others)
  An orc wizard (D:8)
  An orc (Orc:2)
  13 fungi
  44 plants
  41 tentacles
100 creatures vanquished.

Grand Total: 1572 creatures vanquished

Notes
Turn   | Place    | Note
-------+----------+-------------------------------------------
     0 | D:1      | mallarch the Gargoyle Gladiator began the quest for the Orb.
     0 | D:1      | Reached XP level 1. HP: 12/12 MP: 1/1
   180 | D:1      | Reached XP level 2. HP: 16/18 MP: 2/2
   652 | D:1      | Reached XP level 3. HP: 20/23 MP: 3/3
  1185 | D:2      | Reached XP level 4. HP: 28/29 MP: 4/4
  1431 | D:2      | Reached XP level 5. HP: 31/33 MP: 5/5
  1533 | D:2      | Found a shimmering altar of Xom.
  2708 | D:4      | Reached skill level 5 in Maces & Flails
  2709 | D:4      | Reached XP level 6. HP: 40/40 MP: 6/6
  3238 | D:4      | Reached skill level 5 in Fighting
  3344 | D:5      | Entered Level 5 of the Dungeon
  3556 | D:5      | Reached XP level 7. HP: 43/45 MP: 7/7
  4198 | D:5      | Found a staircase to the Ecumenical Temple.
  4203 | Temple   | Entered the Ecumenical Temple
  4244 | Temple   | Became a worshipper of Makhleb the Destroyer
  4457 | D:6      | Reached skill level 1 in Invocations
  4495 | D:6      | Reached XP level 8. HP: 30/52 MP: 9/9
  5304 | D:6      | Found a runed door.
  5313 | D:6      | Found a runed door.
  5398 | D:6      | Noticed Redear's ghost (amateur FeMo)
  5424 | D:6      | Killed Redear's ghost
  6184 | D:6      | Reached XP level 9. HP: 35/59 MP: 12/12
  6198 | D:6      | Reached * piety under Makhleb
  6206 | D:6      | Reached skill level 5 in Invocations
  6661 | D:7      | Found a shattered altar of Ashenzari.
  7258 | D:7      | Found a blossoming altar of Fedhas.
  7502 | D:8      | Reached skill level 1 in Armour
  7506 | D:8      | Noticed a queen bee
  7522 | D:8      | Killed a queen bee
  7820 | D:8      | Reached skill level 2 in Armour
  7841 | D:8      | Reached XP level 10. HP: 46/66 MP: 15/15
  7952 | D:8      | Reached ** piety under Makhleb
  8216 | D:8      | Reached skill level 3 in Armour
  8242 | D:8      | Noticed Maurice
  8265 | D:7      | Found a hide-covered altar of Uskayaw.
  8265 | D:7      | Found a basalt altar of Yredelemnul.
  8393 | D:7      | Killed Maurice
  8441 | D:8      | Noticed Grum
  8444 | D:8      | Reached skill level 10 in Fighting
  8459 | D:8      | Killed Grum
  8596 | D:8      | Reached skill level 4 in Armour
  8843 | D:8      | Noticed a two-headed ogre
  8855 | D:8      | Killed a two-headed ogre
  9146 | D:8      | Reached skill level 5 in Armour
  9197 | D:8      | Reached skill level 1 in Shields
  9276 | D:9      | Reached skill level 10 in Maces & Flails
  9282 | D:9      | Reached *** piety under Makhleb
  9320 | D:9      | Found a staircase to the Lair.
  9328 | D:9      | Reached XP level 11. HP: 73/73 MP: 17/17
  9334 | D:9      | Noticed Erica
  9387 | D:9      | Killed Erica
  9485 | D:9      | Found Echo's Armour Boutique.
  9493 | D:9      | Noticed a cyclops
  9525 | D:9      | Killed a cyclops
  9618 | D:9      | Noticed a two-headed ogre
  9643 | D:9      | Killed a two-headed ogre
  9643 | D:9      | Reached skill level 6 in Armour
  9669 | D:9      | Noticed a green ugly thing
  9676 | D:9      | Noticed a deep elf mage
  9685 | D:9      | Killed a deep elf mage
  9688 | D:9      | Killed a green ugly thing
  9692 | D:9      | Noticed a two-headed ogre
  9700 | D:9      | Killed a two-headed ogre
  9860 | D:9      | Found Qegroi's Assorted Antiques.
  9871 | D:9      | Found Wouges's Antique Weapon Boutique.
  9879 | D:9      | Bought a bone great mace for 310 gold pieces
  9879 | D:9      | Identified the +7 great mace of the Firefly {protect, rF+ Int+3} (You bought it in a shop on level 9 of the Dungeon)
  9899 | D:9      | Found a snail-covered altar of Cheibriados.
  9899 | D:9      | Noticed a purple ugly thing
  9906 | D:9      | Killed a purple ugly thing
  9954 | D:9      | Found Yfajeot's Assorted Antiques.
  9960 | D:9      | Bought a scroll of identify for 64 gold pieces
 10453 | D:10     | Entered Level 10 of the Dungeon
 10453 | D:10     | Noticed Urug
 10458 | D:10     | Killed Urug
 10557 | D:10     | Reached skill level 7 in Armour
 10561 | D:10     | Noticed Josephine
 10568 | D:10     | Killed Josephine
 10568 | D:10     | Reached XP level 12. HP: 70/80 MP: 19/19
 10596 | D:10     | Reached **** piety under Makhleb
 10610 | D:10     | Noticed a two-headed ogre
 10631 | D:10     | Killed a two-headed ogre
 10792 | D:10     | Reached skill level 10 in Invocations
 10907 | D:10     | Found Odi Mesch's General Store.
 10916 | D:10     | Bought a potion of mutation for 112 gold pieces
 11060 | D:10     | Noticed Joseph
 11084 | D:10     | Killed Joseph
 11155 | D:11     | Reached skill level 8 in Armour
 11209 | D:11     | Found a staircase to the Orcish Mines.
 11307 | D:11     | Reached ***** piety under Makhleb
 11824 | Lair:1   | Entered Level 1 of the Lair of Beasts
 12205 | Lair:1   | Noticed a five-headed hydra
 12227 | Lair:1   | Killed a five-headed hydra
 12227 | Lair:1   | Reached skill level 9 in Armour
 12278 | Lair:1   | Noticed a four-headed hydra
 12299 | Lair:1   | Killed a four-headed hydra
 12464 | Lair:1   | Got a fine plate armour
 12466 | Lair:1   | Got a dazzling demon trident
 12471 | Lair:1   | Identified the cursed +0 plate armour of Quheryal {rC+ Int+3} (You found it on level 1 of the Lair of Beasts)
 12472 | Lair:1   | Identified the +4 demon trident "Imac" {venom, +Fly} (You found it on level 1 of the Lair of Beasts)
 12946 | Lair:2   | Reached XP level 13. HP: 86/87 MP: 20/20
 13099 | Lair:2   | Found a burning altar of Makhleb.
 13118 | Lair:2   | Reached skill level 10 in Armour
 14082 | Lair:3   | Found a frozen archway.
 14108 | IceCv    | Entered an ice cave
 14117 | IceCv    | Reached ****** piety under Makhleb
 14193 | IceCv    | Reached skill level 11 in Armour
 14364 | IceCv    | Noticed an ice dragon
 14373 | IceCv    | Noticed an ice dragon
 14383 | IceCv    | Killed an ice dragon
 14389 | IceCv    | Killed an ice dragon
 15008 | Lair:3   | Found a hole to the Spider Nest.
 15417 | Lair:4   | Gained mutation: Your large and strong wings let you fly indefinitely. [Gargoyle growth]
 15417 | Lair:4   | Reached XP level 14. HP: 96/96 MP: 21/21
 15529 | Lair:4   | Found a staircase to the Shoals.
 16029 | Lair:4   | Reached skill level 12 in Armour
 16455 | Lair:5   | Found a staircase to the Slime Pits.
 16811 | Lair:6   | Entered Level 6 of the Lair of Beasts
 16881 | Lair:6   | Reached skill level 15 in Fighting
 17354 | Lair:6   | Reached skill level 13 in Armour
 17382 | Lair:6   | Reached XP level 15. HP: 103/103 MP: 22/22
 18143 | Orc:1    | Entered Level 1 of the Orcish Mines
 18143 | Orc:1    | Found Kimo's Armour Shop.
 18366 | Orc:1    | Bought the +4 plate armour "Uroragig" {rF+ rC+ Str+4 Int-3} for 859 gold pieces
 18758 | Orc:2    | Entered Level 2 of the Orcish Mines
 18786 | Orc:2    | Found a staircase to the Elven Halls.
 18792 | Orc:2    | Noticed Snorg
 18797 | Orc:2    | Killed Snorg
 18901 | Orc:2    | Noticed Azrael
 19074 | Orc:1    | Killed Azrael
 19476 | Orc:2    | Found Wigekh's Distillery.
 19495 | Orc:2    | Bought a potion of invisibility for 104 gold pieces
 19495 | Orc:2    | Bought a potion of might for 52 gold pieces
 19495 | Orc:2    | Bought a potion of heal wounds for 65 gold pieces
 19495 | Orc:2    | Bought a potion of haste for 130 gold pieces
 19495 | Orc:2    | Bought a potion of ambrosia for 104 gold pieces
 19509 | Orc:2    | Found Nutuaj's Gadget Boutique.
 19517 | Orc:2    | Bought a phantom mirror for 510 gold pieces
 19533 | Orc:2    | Found a radiant altar of Vehumet.
 19547 | Orc:2    | Paralysed by an orc sorcerer for 5 turns
 19557 | Orc:2    | Found Jeomofuy's Antique Armour Boutique.
 19584 | Orc:2    | Noticed Nergalle
 19591 | Orc:2    | Killed Nergalle
 19606 | Orc:2    | Found an ancient bone altar of Kikubaaqudgha.
 19674 | Orc:2    | Noticed Nessos
 19682 | Orc:2    | Found a roughly hewn altar of Beogh.
 19705 | Orc:2    | Killed Nessos
 19716 | Orc:2    | Reached skill level 14 in Armour
 19721 | Orc:2    | Found Kuliryor's Gadget Shop.
 20240 | D:12     | Found Epicleoh's Magic Scroll Emporium.
 20264 | D:12     | Bought a scroll of fear for 49 gold pieces
 20264 | D:12     | Bought a scroll of identify for 28 gold pieces
 20264 | D:12     | Bought a scroll of identify for 28 gold pieces
 20264 | D:12     | Bought a scroll of identify for 28 gold pieces
 20641 | D:12     | Identified 3 scrolls of acquirement
 21393 | D:13     | Found a flagged portal.
 21403 | Bailey   | Entered a bailey
 21568 | Bailey   | Noticed an orc warlord
 21588 | Bailey   | Reached skill level 15 in Maces & Flails
 21599 | Bailey   | Killed an orc warlord
 21797 | Bailey   | Got an ichor-stained glaive
 21798 | Bailey   | Identified the +6 glaive "Pemaral" {chaos, Str+3 Dex+2 Stlth-} (You found it in a bailey)
 22825 | Spider:1 | Entered Level 1 of the Spider Nest
 22844 | Spider:1 | Noticed Asterion
 22857 | Spider:1 | Killed Asterion
 23161 | Lair:3   | Identified the +10 plate armour of the Hurricane {MP+9} (You acquired it on level 3 of the Lair of Beasts)
 23165 | Lair:3   | Found the +18 shield of the Gong {rElec rN+ MR+ EV-5}
 23290 | Spider:1 | Reached XP level 16. HP: 110/110 MP: 19/25
 23299 | Spider:1 | Reached skill level 15 in Armour
 24422 | Spider:1 | Reached skill level 5 in Shields
 24921 | Spider:3 | Noticed Donald
 24936 | Spider:3 | Killed Donald
 25214 | Spider:3 | Reached skill level 16 in Armour
 25871 | Spider:4 | Entered Level 4 of the Spider Nest
 26094 | Spider:4 | Reached XP level 17. HP: 116/116 MP: 23/26
 27158 | Spider:4 | Got a gossamer rune of Zot
 27358 | Shoals:1 | Entered Level 1 of the Shoals
 27435 | Shoals:1 | Noticed Frances
 27438 | Shoals:1 | Noticed Aizul
 27447 | Shoals:1 | Killed Aizul
 27447 | Shoals:1 | Reached skill level 17 in Armour
 27459 | Shoals:1 | Killed Frances
 27477 | Shoals:1 | Reached skill level 10 in Shields
 27489 | Shoals:1 | Noticed Louise
 27509 | Shoals:1 | Killed Louise
 27539 | Shoals:1 | Reached XP level 18. HP: 124/124 MP: 28/28
 27798 | Shoals:1 | Found Naog's Food Boutique.
 28392 | Shoals:2 | Found a transporter.
 28567 | Shoals:2 | Found a transporter.
 29107 | Shoals:3 | Noticed Jorgrun
 29200 | Shoals:3 | Killed Jorgrun
 29214 | Shoals:3 | Reached XP level 19. HP: 123/128 MP: 21/29
 29943 | Shoals:4 | Entered Level 4 of the Shoals
 29998 | Shoals:4 | Noticed Ilsuiw
 30212 | Shoals:3 | Killed Ilsuiw
 30292 | Shoals:4 | Found Maiz's Assorted Antiques.
 30376 | Shoals:4 | Reached skill level 18 in Armour
 30457 | Shoals:4 | Bought a potion of heal wounds for 195 gold pieces
 30611 | Shoals:4 | Got a vibrating brass ring
 30613 | Shoals:4 | Identified the ring "Siohiude" {+Inv +Fly MR+ Int+3} (You took it off a merfolk on level 4 of the Shoals)
 31010 | Shoals:4 | Got a barnacled rune of Zot
 31250 | Elf:1    | Entered Level 1 of the Elven Halls
 31566 | Elf:1    | Found Hojuenos's General Store.
 31568 | Elf:1    | Found Zourgh's Assorted Antiques.
 31568 | Elf:1    | Found Eraleiq's Book Shoppe.
 31570 | Elf:1    | Found Serexeu's Jewellery Shoppe.
 31576 | Elf:1    | Bought a potion of haste for 130 gold pieces
 31579 | Elf:1    | Bought a scroll of enchant weapon for 187 gold pieces
 32051 | Elf:2    | Found Buypt's Gadget Emporium.
 32051 | Elf:2    | Found Houcucau's Gadget Shoppe.
 32052 | Elf:2    | Found Ifauw's Food Shoppe.
 32056 | Elf:2    | Found Owubavo's Assorted Antiques.
 32064 | Elf:2    | Bought a scroll of silence for 210 gold pieces
 32545 | Elf:2    | Found a huge runed gate.
 32545 | Elf:2    | Found a huge runed gate.
 32550 | Elf:2    | Found a huge runed gate.
 32551 | Elf:2    | Found a huge runed gate.
 32556 | Elf:2    | Found a huge runed gate.
 32609 | Elf:2    | Reached XP level 20. HP: 136/136 MP: 28/31
 32645 | Elf:2    | Reached skill level 15 in Invocations
 33041 | Elf:3    | Entered Level 3 of the Elven Halls
 33440 | Elf:3    | Reached skill level 19 in Armour
 34023 | Elf:3    | Reached skill level 15 in Shields
 34288 | Elf:3    | Got a steaming plate armour
 34427 | Elf:3    | Identified the Grimoire of Battle Magic and Glamour
 34429 | Elf:3    | Identified the +9 plate armour of the King of the Hill {Regen+ MP+9 Int+7} (You took it off a deep elf blademaster on level 3 of the Elven Halls)
 34449 | Elf:3    | Identified the Catalogue of Cankerous Flames
 34788 | Slime:1  | Entered Level 1 of the Pits of Slime
 35102 | Slime:2  | Gained mutation: Your body sometimes deteriorates upon taking damage. [a shining eye]
 35107 | Slime:1  | Gained mutation: Your spells are a little easier to cast, but a little less powerful. [a shining eye]
 35464 | Slime:4  | Gained mutation: You are dopey. (Int -2) [a shining eye]
 35467 | Slime:3  | Gained mutation: You are weak. (Str -2) [a shining eye]
 35468 | Slime:3  | Gained mutation: You are frail. (-10% HP) [a shining eye]
 35471 | Slime:2  | Gained mutation: Your spells are easier to cast, but less powerful. [a shining eye]
 35475 | Slime:2  | Reached XP level 21. HP: 129/129 MP: 32/32
 35537 | Slime:5  | Entered Level 5 of the Pits of Slime
 35562 | Slime:5  | Gained mutation: You expend magic power (3 MP) to strengthen your wands. [a shining eye]
 35562 | Slime:5  | Paralysed by a floating eye for 2 turns
 35610 | Slime:5  | Noticed the Royal Jelly
 36084 | Slime:3  | Gained mutation: Armour fits poorly on your strangely shaped body. [a shining eye]
 36087 | Slime:3  | Gained mutation: You are occasionally teleported next to monsters. [a shining eye]
 36098 | Slime:3  | Gained mutation: You occasionally shout uncontrollably at your foes. [a shining eye]
 36107 | Slime:3  | Gained mutation: You are very frail. (-20% HP) [a shining eye]
 36112 | Slime:3  | Gained mutation: You are very weak. (Str -4) [a shining eye]
 36114 | Slime:3  | Gained mutation: You are clumsy. (Dex -2) [a shining eye]
 36116 | Slime:3  | Gained mutation: You do not regenerate when monsters are visible. [a shining eye]
 36122 | Slime:3  | Gained mutation: You sometimes yell uncontrollably at your foes. [a shining eye]
 36128 | Slime:3  | Gained mutation: You are very dopey. (Int -4) [a shining eye]
 36174 | Slime:3  | Lost mutation: Your body sometimes deteriorates upon taking damage. [potion of mutation]
 36174 | Slime:3  | Lost mutation: You sometimes yell uncontrollably at your foes. [potion of mutation]
 36174 | Slime:3  | Lost mutation: You are very frail. (-20% HP) [potion of mutation]
 36174 | Slime:3  | Gained mutation: You have large cloven feet. [potion of mutation]
 36175 | Slime:3  | Lost mutation: You expend magic power (3 MP) to strengthen your wands. [potion of mutation]
 36175 | Slime:3  | Lost mutation: You are occasionally teleported next to monsters. [potion of mutation]
 36175 | Slime:3  | Lost mutation: You are very weak. (Str -4) [potion of mutation]
 36175 | Slime:3  | Lost mutation: Your spells are easier to cast, but less powerful. [potion of mutation]
 36175 | Slime:3  | Gained mutation: You are very clumsy. (Dex -4) [potion of mutation]
 36175 | Slime:3  | Lost mutation: You are very clumsy. (Dex -4) [potion of mutation]
 36176 | Slime:3  | Lost mutation: You are very dopey. (Int -4) [potion of mutation]
 36176 | Slime:3  | Lost mutation: Your spells are a little easier to cast, but a little less powerful. [potion of mutation]
 36176 | Slime:3  | Lost mutation: You occasionally shout uncontrollably at your foes. [potion of mutation]
 36176 | Slime:3  | Lost mutation: Armour fits poorly on your strangely shaped body. [potion of mutation]
 36176 | Slime:3  | Gained mutation: You possess an exceptional clarity of mind. [potion of mutation]
 36176 | Slime:3  | Gained mutation: You have a pair of small antennae on your head. [potion of mutation]
 36177 | Slime:3  | Lost mutation: You are dopey. (Int -2) [potion of mutation]
 36177 | Slime:3  | Lost mutation: You do not regenerate when monsters are visible. [potion of mutation]
 36177 | Slime:3  | Lost mutation: You have large cloven feet. [potion of mutation]
 36177 | Slime:3  | Gained mutation: You are partially covered in rugged brown scales. (AC +1, +3% HP) [potion of mutation]
 36177 | Slime:3  | Gained mutation: You are mostly covered in rugged brown scales. (AC +2, +5% HP) [potion of mutation]
 36177 | Slime:3  | Gained mutation: You have a pair of antennae on your head. [potion of mutation]
 36346 | Slime:5  | Reached skill level 20 in Armour
 36453 | Slime:5  | Gained mutation: Scrolls take you a little longer to read. [a shining eye]
 36489 | Slime:5  | Gained mutation: You expend magic power (3 MP) to strengthen your wands. [a shining eye]
 36492 | Slime:4  | Gained mutation: You are very weak. (Str -4) [a shining eye]
 36498 | Slime:4  | Gained mutation: Your magical capacity is low. (-10% MP) [a shining eye]
 36503 | Slime:4  | Gained mutation: Your magical capacity is very low. (-20% MP) [a shining eye]
 36506 | Slime:4  | Gained mutation: You are very clumsy. (Dex -4) [a shining eye]
 36514 | Slime:4  | Gained mutation: You are very frail. (-20% HP) [a shining eye]
 36802 | Slime:4  | HP: 2/122 [acid (20)]
 37083 | Slime:5  | Killed the Royal Jelly
 37185 | Slime:5  | HP: 2/184 [azure jelly[the Royal Jelly] (16)]
 37187 | Slime:5  | Slain by an azure jelly

Skill      XL: |  1  2  3  4  5  6  7  8  9 10 11 12 13 14 15 16 17 18 19 20 21 |
---------------+----------------------------------------------------------------+-----
Fighting       | 3 4 5 6 8 9 10 11 12 14 15 16 17 18 19 | 19.8
Maces & Flails | 4 5 6 7 9 10 12 13 14 15 16 17 18 | 18.4
Invocations    | 1 4 6 8 9 10 12 13 14 15 | 15.0
Armour         | 2 5 7 9 11 13 14 16 17 18 19 20 | 20.3
Shields        | 1 4 7 11 13 15 | 15.0
Throwing       | 2 |  2.9
Dodging        | |  2.4

Action                   |  1- 3 |  4- 6 |  7- 9 | 10-12 | 13-15 | 16-18 | 19-21 || total
-------------------------+-------+-------+-------+-------+-------+-------+-------++-------
Melee: Flail             |   193 |   203 |   249 |       |       |       |       ||   645
       Morningstar       |       |       |   156 |       |       |       |       ||   156
       Mace              |       |       |   157 |   525 |       |       |       ||   682
       Great mace        |       |       |       |   340 |  1402 |       |       ||  1742
       Demon whip        |       |       |       |       |    63 |  1052 |  1774 ||  2889
 Fire: Hunting sling     |       |    53 |    17 |       |       |       |       ||    70
Throw: Throwing net      |       |       |     3 |     2 |       |       |       ||     5
       Tomahawk          |       |       |     2 |       |       |       |       ||     2
       Javelin           |       |       |       |       |    57 |     9 |    39 ||   105
Invok: Lesser Servant of |       |       |       |       |     4 |       |     1 ||     5
       Greater Servant o |       |       |       |       |     5 |     3 |     6 ||    14
 Abil: Fly               |       |       |       |       |     1 |       |       ||     1
Evoke: Wand              |       |       |       |       |       |       |     6 ||     6
  Use: Scroll            |       |       |       |    15 |    30 |     4 |    11 ||    60
       Potion            |       |       |       |       |     4 |     2 |    10 ||    16
 Stab: Held in net/web   |       |       |     1 |     2 |       |       |       ||     3
       Distracted        |       |       |       |       |       |     1 |     1 ||     2
  Eat: Chunk             |     1 |     8 |    11 |    13 |    29 |    11 |     5 ||    78
       Ration            |       |       |     1 |     2 |     2 |     3 |     6 ||    14
Armor: Leather armour    |     6 |       |       |       |       |       |       ||     6
       Plate armour      |   202 |   249 |   461 |   768 |  1944 |   815 |   753 ||  5192
Dodge: Dodged            |    78 |    77 |   190 |   260 |   986 |    73 |    96 ||  1760
Block: Shield            |       |       |       |   110 |    68 |  1548 |  1797 ||  3523
